 Dungeon Crawl Stone Soup version 0.19-a0-1731-g1e0734d (webtiles) character file.

13244 Psiweapon the Protected (level 12, -2/95 HPs)
             Began as a Hill Orc Fighter on Sept 29, 2016.
             Was an Elder of Makhleb.
             Slain by a meliai
             ... wielding a +2 hand axe of draining
              (6 damage)
             ... on level 12 of the Dungeon on Sept 30, 2016.
             The game lasted 00:55:55 (9630 turns).

Psiweapon the Protected (Hill Orc Fighter)          Turns: 9630, Time: 00:55:55

Health: -2/95      AC: 17    Str: 23    XL:     12   Next: 4%
Magic:  17/17      EV: 12    Int:  6    God:    Makhleb [****..]
Gold:   332        SH: 11    Dex: 17    Spells: 0 memorised, 11 levels left

rFire  . . .     SeeInvis +     v - +7 falchion "Elecar" {flame, Dex+4}
rCold  . . .     Gourm    .     J - +1 ring mail of Uvanecw {rPois rCorr Stlth+}
rNeg   . . .     Faith    .     c - +0 shield
rPois  +         Spirit   .     e - +2 helmet
rElec  .         Dismiss  .     I - +0 cloak
rCorr  +         Reflect  .     (no gloves)
MR     .....     Harm     .     o - +1 pair of boots
Stlth  ++........               G - amulet of regeneration
                                w - ring of see invisible
                                H - +3 ring of slaying

@: about to teleport, heavily drained
A: slimy green scales 1, agile 1, blurry vision 1, dopey 1, frail 1, no device
heal 1
a: Minor Destruction, Lesser Servant of Makhleb, Major Destruction, Renounce
Religion


You were on level 12 of the Dungeon.
You worshipped Makhleb.
Makhleb was greatly pleased with you.
You were not hungry.

You visited 2 branches of the dungeon, and saw 13 of its levels.
You also visited: Labyrinth and Ossuary.

You collected 535 gold pieces.
You spent 203 gold pieces at shops.

Inventory:

Hand Weapons
 a - a +0 war axe
 b - a +0 hunting sling of freezing
 v - the +7 falchion "Elecar" (weapon) {flame, Dex+4}
   (You found it on level 11 of the Dungeon)

   It has been specially enchanted to burn those struck by it, causing extra
   injury to most foes and up to half again as much damage against particularly
   susceptible opponents.
   Big, fiery blades are also staple armaments of hydra-hunters.
   It affects your dexterity (+4).
 A - a +2 hunting sling of velocity
 R - a +0 blowgun
 V - a +2 flail of draining
 X - a +0 hand crossbow
Missiles
 j - 280 stones
 M - 95 bolts
 S - 24 poisoned needles
 U - 5 tomahawks
 W - 6 javelins (quivered)
Armour
 c - a +0 shield (worn)
 e - a +2 helmet (worn)
 o - a +1 pair of boots (worn)
 I - a +0 cloak (worn)
 J - the +1 ring mail of Uvanecw (worn) {rPois rCorr Stlth+}
   (You found it on level 7 of the Dungeon)

   It protects you from poison.
   It protects you from acid and corrosion.
   It makes you more stealthy.
Magical Staves
 O - an uncursed staff of power
 T - an uncursed staff of cold
Jewellery
 g - an uncursed ring of wizardry
 w - a ring of see invisible (right hand)
 C - an uncursed ring of protection from fire
 G - an amulet of regeneration (around neck)
 H - a +3 ring of slaying (left hand)
 L - a +2 ring of dexterity
 P - the ring "Opnewiux" {rElec rPois}
   (You found it in a labyrinth)

   [ring of poison resistance]

   It insulates you from electricity.
   It protects you from poison.
Wands
 q - a wand of polymorph (7/24)
 E - a wand of paralysis (10/24)
 K - a wand of teleportation (2/9)
 Y - a wand of iceblast (10/15)
Scrolls
 l - 7 scrolls of teleportation
 n - 4 scrolls of remove curse
 p - 3 scrolls of fear {unknown}
 r - 2 scrolls of blinking
 s - 6 scrolls of enchant weapon
 x - 4 scrolls of immolation {unknown}
 y - 5 scrolls of recharging {unknown}
 F - 2 scrolls of fog
 N - 3 scrolls of noise {unknown}
Potions
 d - a potion of might
 k - 2 potions of degeneration {unknown}
 m - 2 potions of ambrosia {unknown}
 t - 3 potions of flight {unknown}
 u - 9 potions of curing
 z - 3 potions of agility
 B - 4 potions of brilliance
Books
 Q - a book of Enchantments

   Spells                             Type                      Level
   a - Cause Fear                     Hexes                        4
   b - Yara's Violent Unravelling     Hexes/Transmutation          5
   c - Silence                        Hexes/Air                    5
   d - Deflect Missiles               Charms/Air                   6
   e - Haste                          Charms                       6
   f - Discord                        Hexes                        8
Comestibles
 f - 9 bread rations
 h - 6 fruits
 D - 4 meat rations
 Z - 6 slices of pizza


   Skills:
 - Level 10.2(8.0) Fighting
 + Level 3.2(1.4) Long Blades
 - Level 10.1(7.9) Axes
 - Level 1.5(1.1) Slings
 * Level 3.8(2.2) Throwing
 - Level 11.1(8.9) Armour
 - Level 6.0(4.1) Dodging
 + Level 8.6(6.5) Shields
 - Level 7.0(5.0) Invocations


You had 11 spell levels left.
You didn't know any spells.

Dungeon Overview and Level Annotations

Branches:
Dungeon (12/15)            Temple (1/1) D:6
   Lair: D:8-11         Orc: D:9-12

Altars:
Ashenzari
Cheibriados
Dithmenos
Elyvilon
Fedhas
Gozag
Hepliaklqana
Kikubaaqudgha
Makhleb
Nemelex Xobeh
Okawaru
Qazlal
Ru
Sif Muna
Trog
Uskayaw
Vehumet
Xom
Yredelemnul
Zin
The Shining One

Shops:
D:5 ?


Innate Abilities, Weirdness & Mutations

You are partially covered in slimy green scales. (AC +2)
You are agile. (Dex +2)
Scrolls take you a little longer to read.
You are dopey. (Int -2)
You are frail. (-10% HP)
Potions and wands are less effective at restoring your health.


Message History

* * * LOW HITPOINT WARNING * * *
The meliai mumbles some strange prayers to its god against you.
Something smites you!
* * * LOW HITPOINT WARNING * * *
You block the meliai's attack. x2
The meliai calls upon its god to heal the meliai.
The meliai's wounds heal themselves!
The meliai hits you but does no damage.
You feel drained. The meliai barely misses you.
Your system partially rejects the healing.
You feel much better. You block the meliai's attack.
The meliai stings you but does no damage.
The meliai calls down the wrath of its god upon you.
Something smites you!
* * * LOW HITPOINT WARNING * * *
Evoke which item? (* to show all) (? for menu, Esc to quit)
Zapping:
K - a wand of teleportation (3/9)
Press: ? - help, Shift-Dir - straight line, f - you You feel strangely unstable.
This wand has 2 charges left.
The meliai hits you with a hand axe of draining.
You die...

########### ######
........$.# #....#
..........# #....#
..........#### #....#####
....>..∩.yy@.####........##
.(.......Y##....#^...###..##
...$......#####.#...)# ##...
..........# #.#....# ###.
..........# #......# #.
..........# ###....# ##
..........# #....# #
..........# #....# #....#


You could see an ice beast and 2 meliai.

Vanquished Creatures
  A minotaur (Lab)
  A hydra (D:12)
  The ghost of Flanowski the Cleaver, a novice MiFi (D:6)
  An ugly thing (D:10)
  Psyche (D:12)
  A centaur skeleton (D:12)
  A troll (D:10)
  A meliai (D:12)
  2 hippogriffs
  2 shadows (Lab)
  A wraith (D:10)
  A human (D:7)
  4 hogs (D:7)
  A hungry ghost (D:12)
  A soldier ant (D:11)
  2 orc warriors
  4 sky beasts
  3 ice beasts
  2 phantoms
  5 ogres
  A centaur (D:7)
  Blork the orc (D:4)
  4 big kobolds
  A bullfrog (D:6)
  9 scorpions
  6 killer bees
  A water moccasin skeleton (D:7)
  7 wights (D:9)
  A howler monkey (D:5)
  A bullfrog zombie (D:12)
  A centaur zombie (D:6)
  4 crimson imps
  A quasit (D:6)
  A wasp zombie (D:9)
  3 hounds
  A jelly (D:9)
  Crazy Yiuf (D:7)
  3 human zombies (Ossuary)
  5 orc priests
  8 orc wizards
  A bullfrog skeleton (D:8)
  3 iguanas
  6 worker ants
  A hound zombie (D:6)
  A hound skeleton (D:5)
  3 mummies (Ossuary)
  A worker ant zombie (D:9)
  4 gnolls (D:3)
  7 adders
  5 scorpion zombies (Ossuary)
  An ooze (D:5)
  An adder zombie (D:9)
  3 adder skeletons
  2 worms
  A dart slug (D:1)
  5 leopard geckos
  19 orcs
  A ball python (D:1)
  3 giant cockroaches
  A gnoll zombie (Ossuary)
  5 goblins
  6 hobgoblins
  16 jackals
  23 kobolds
  3 quokkas
  2 bats (D:2)
  6 frilled lizards
  2 goblin zombies (Ossuary)
  2 hobgoblin zombies (Ossuary)
  2 kobold zombies (Ossuary)
  2 orc zombies (Ossuary)
  5 rats
239 creatures vanquished.

Vanquished Creatures (collateral kills)
  3 wights (D:9)
  A kobold (D:9)
4 creatures vanquished.

Vanquished Creatures (others)
  A goblin zombie (Ossuary)
1 creature vanquished.

Grand Total: 244 creatures vanquished

Notes
Turn   | Place    | Note
-------+----------+-------------------------------------------
     0 | D:1      | Psiweapon the Hill Orc Fighter began the quest for the Orb.
     0 | D:1      | Reached XP level 1. HP: 19/19 MP: 1/1
   376 | D:1      | Reached XP level 2. HP: 27/27 MP: 2/2
   487 | D:1      | Found a shattered altar of Ashenzari.
   875 | D:3      | Reached XP level 3. HP: 28/33 MP: 3/3
   880 | D:3      | Reached skill level 1 in Slings
   880 | D:3      | Reached XP level 4. HP: 32/40 MP: 4/4
  1020 | D:3      | Reached skill level 4 in Armour
  1020 | D:3      | Reached XP level 5. HP: 13/46 MP: 5/5
  1900 | D:3      | Reached skill level 5 in Axes
  2509 | D:4      | Found a hazy altar of Hepliaklqana.
  2860 | D:4      | Found a glowing golden altar of the Shining One.
  2860 | D:4      | Found a burning altar of Makhleb.
  3028 | D:4      | Noticed Blork the orc
  3168 | D:4      | Reached XP level 6. HP: 49/52 MP: 6/6
  3185 | D:5      | Entered Level 5 of the Dungeon
  3200 | D:4      | Found a sacrificial altar of Ru.
  3223 | D:4      | Found an iron altar of Okawaru.
  3495 | D:4      | Killed Blork the orc
  3634 | D:5      | Reached XP level 7. HP: 56/59 MP: 7/7
  3686 | D:6      | Found a staircase to the Ecumenical Temple.
  3692 | Temple   | Entered the Ecumenical Temple
  3904 | D:4      | Became a worshipper of Makhleb the Destroyer
  3934 | D:6      | Noticed Flanowski's ghost (novice MiFi)
  4043 | D:6      | Found a sand-covered staircase.
  4049 | Ossuary  | Entered an ossuary
  4079 | Ossuary  | Reached skill level 10 in Axes
  4122 | Ossuary  | Reached XP level 8. HP: 66/66 MP: 7/9
  4254 | Ossuary  | Reached * piety under Makhleb
  4270 | Ossuary  | Reached skill level 5 in Invocations
  4462 | D:6      | Killed Flanowski's ghost
  4462 | D:6      | Reached skill level 7 in Armour
  4462 | D:6      | Reached XP level 9. HP: 49/71 MP: 14/14
  4470 | D:6      | Found a basalt altar of Yredelemnul.
  4726 | D:5      | Found Byschoik's Magic Scroll Shop.
  4730 | D:5      | Bought a scroll of teleportation for 42 gold pieces
  4730 | D:5      | Bought a scroll of enchant weapon for 105 gold pieces
  4730 | D:5      | Bought a scroll of identify for 28 gold pieces
  4730 | D:5      | Bought a scroll of identify for 28 gold pieces
  5181 | D:8      | Reached skill level 8 in Armour
  5502 | D:6      | Reached skill level 9 in Armour
  5597 | D:6      | Found a deep blue altar of Sif Muna.
  6313 | D:7      | Reached skill level 10 in Armour
  6334 | D:7      | Reached ** piety under Makhleb
  6334 | D:7      | Reached XP level 10. HP: 14/79 MP: 15/15
  6512 | D:7      | Found an opulent altar of Gozag.
  6563 | D:7      | Reached skill level 11 in Armour
  6655 | D:7      | Found a runed door.
  6659 | D:7      | Noticed Crazy Yiuf
  6665 | D:7      | Killed Crazy Yiuf
  6734 | D:7      | Reached skill level 5 in Fighting
  6744 | D:7      | Got a crude ring mail
  6748 | D:7      | Identified the +1 ring mail of Uvanecw {rPois rCorr Stlth+} (You found it on level 7 of the Dungeon)
  6853 | D:8      | Reached skill level 10 in Fighting
  6853 | D:8      | Reached XP level 11. HP: 100/100 MP: 16/16
  6874 | D:8      | Found a radiant altar of Vehumet.
  6980 | D:8      | Found a shattered altar of Ashenzari.
  7211 | D:10     | Entered Level 10 of the Dungeon
  7257 | D:9      | Got a crude ring mail
  7258 | D:9      | Identified the +1 ring mail "Tufesal" {rCorr Dex+5} (You found it on level 9 of the Dungeon)
  7331 | D:8      | Reached skill level 5 in Shields
  8079 | D:9      | Reached *** piety under Makhleb
  8277 | D:9      | Found an ancient bone altar of Kikubaaqudgha.
  8300 | D:9      | Found a blossoming altar of Fedhas.
  8300 | D:9      | Found a shadowy altar of Dithmenos.
  8497 | D:9      | Gained mutation: You are agile. (Dex +2) [mutagenic meat]
  8512 | D:10     | Noticed a purple ugly thing
  8532 | D:10     | Killed a purple ugly thing
  8728 | D:11     | Got a twisted falchion
  8729 | D:11     | Identified the +7 falchion "Elecar" {flame, Dex+4} (You found it on level 11 of the Dungeon)
  8791 | D:12     | Noticed a four-headed hydra
  8804 | D:12     | Killed a one-headed hydra
  8804 | D:12     | Reached skill level 1 in Long Blades
  8804 | D:12     | Reached skill level 1 in Throwing
  8819 | D:12     | Gained mutation: Potions and wands are less effective at restoring your health. [mutagenic meat]
  8828 | D:12     | Gained mutation: You are very agile. (Dex +4) [mutagenic meat]
  8831 | D:12     | Gained mutation: You are frail. (-10% HP) [mutagenic meat]
  8834 | D:12     | Gained mutation: Scrolls take you a little longer to read. [mutagenic meat]
  8960 | D:12     | Noticed Psyche
  8970 | D:12     | Killed Psyche
  8970 | D:12     | Reached **** piety under Makhleb
  8984 | D:12     | Found a labyrinth entrance.
  8990 | Lab      | Entered a labyrinth
  9482 | Lab      | Noticed a minotaur
  9491 | Lab      | Killed a minotaur
  9491 | Lab      | Reached XP level 12. HP: 57/95 MP: 17/17
  9513 | Lab      | Got a pitted pewter ring
  9516 | Lab      | Identified the ring "Opnewiux" {rElec rPois} (You found it in a labyrinth)
  9523 | Lab      | Lost mutation: You are very agile. (Dex +4) [potion of mutation]
  9523 | Lab      | Gained mutation: You are dopey. (Int -2) [potion of mutation]
  9523 | Lab      | Gained mutation: You are partially covered in slimy green scales. (AC +2) [potion of mutation]
  9628 | D:12     | HP: 4/95 [meliai/divine providence (13)]
  9630 | D:12     | Slain by a meliai

Vault maps used:
D:1:      minmay_arrival_hallway, evilmike_ruin_ashenzari
D:2:      first_bread
D:4:      nicolae_ru_the_path_less_chosen, overflow_temple_1_default,
          nicolae_overflow_crystal_walls, nicolae_overflow_hidden_temple,
          nrook_loot_triangle, uniq_blork_the_orc
D:5:      serial_shops, shop, grunt_ministairs_15
D:6:      kennysheep_little_box, enter_ossuary_5, hangedman_decor_push, tgw_sif
D:7:      grunt_livestock, grunt_gozag_breadcrumbs, uniq_crazy_yiuf_cottage
D:8:      vehumet_altar_wand_db, lemuel_crystal_altar
D:9:      kiku_gazebo_pond_becter, gammafunk_temple_overflow_elements,
          serial_corexii_hall, corexii_hall_statues_x, corexii_hall_statues_t,
          corexii_hall_statues_l, corexii_hall_statues_u
D:10:     minmay_fountain_box, minmay_guarded_unrand_finisher
D:11:     minmay_lair_entry_lava
D:12:     zombieorc2_lemuel, lab_entry_generic, uniq_erolcha, uniq_psyche,
          uniq_rupert
Temple:   jpeg_temple_island
Lab:      labyrinth_spiral, nicolae_lab_grate, lab_block, labyrinth_lava_lair,
          nicolae_lab_checkerboard, nicolae_lab_big_swirl
Ossuary:  ossuary_minmay_scorpions

Skill      XL: |  1  2  3  4  5  6  7  8  9 10 11 |
---------------+----------------------------------+-----
Fighting       | 4 10 | 10.2
Axes           | 3 4 6 7 10 | 10.1
Slings         | 1 |  1.5
Armour         | 4 7 10 11 | 11.1
Invocations    | 2 7 |  7.0
Dodging        | 6 |  6.0
Shields        | 8 |  8.6
Long Blades    | 3 |  3.2
Throwing       | 3 |  3.8

Action                   |  1- 3 |  4- 6 |  7- 9 | 10-12 || total
-------------------------+-------+-------+-------+-------++-------
Melee: War axe           |    38 |   151 |   356 |   144 ||   689
       Flail             |       |       |       |   243 ||   243
       Falchion          |       |       |       |    53 ||    53
 Fire: Hunting sling     |    19 |     9 |    11 |       ||    39
       Hand crossbow     |       |       |     6 |     2 ||     8
Throw: Stone             |       |       |     1 |       ||     1
Invok: Minor Destruction |       |       |       |     2 ||     2
       Lesser Servant of |       |       |       |     1 ||     1
Evoke: Wand              |       |       |       |     1 ||     1
  Use: Scroll            |       |     4 |     6 |    11 ||    21
       Potion            |       |       |     2 |    12 ||    14
 Stab: Sleeping          |       |       |       |     4 ||     4
  Eat: Chunk             |       |     9 |     6 |    17 ||    32
       Beef jerky        |       |       |     1 |     2 ||     3
       Pizza             |       |       |     1 |     1 ||     2
Armor: Scale mail        |    28 |    65 |   125 |    17 ||   235
       Ring mail         |       |       |       |   183 ||   183
Dodge: Dodged            |    16 |    45 |   116 |   236 ||   413
Block: Shield            |    20 |   102 |   162 |   291 ||   575
